 Dungeon Crawl Stone Soup version 0.28.0-43-g3370ac3207 (webtiles) character file.

Game seed: 9581057751471126180

77 Peloso the Skirmisher (level 4, -4/40 HPs)
             Began as a Minotaur Fighter on Mar 23, 2022.
             Slain by Sigmund
             ... wielding a +1 scythe of distortion
              (7 damage)
             ... on level 2 of the Dungeon.
             The game lasted 00:02:44 (1564 turns).

Peloso the Skirmisher (Minotaur Fighter)            Turns: 1564, Time: 00:02:44

Health: -4/40      AC:  8    Str: 20    XL:     4   Next: 14%
Magic:  3/3        EV:  9    Int:  5    God:
Gold:   42         SH:  6    Dex: 24    Spells: 3/3 levels left

rFire   . . .      SeeInvis .   a - +0 long sword
rCold   . . .      Faith    .   c - +0 buckler
rNeg    . . .      Spirit   .   b - +0 scale mail
rPois   .          Reflect  .   (helmet restricted)
rElec   .          Harm     .   (no cloak)
rCorr   .          Rampage  .   i - +0 pair of gloves
Will    .....                   (no boots)
Stlth   +.........              (no amulet)
HPRegen 0.13/turn               j - +6 ring of dexterity
MPRegen 0.08/turn               l - +6 ring of dexterity

@: brilliant
A: horns 2, retaliatory headbutt
a: no special abilities


You were on level 2 of the Dungeon.
You visited 1 branch of the dungeon, and saw 2 of its levels.

You collected 42 gold pieces.

Inventory:

Hand Weapons
 a - a +0 long sword (weapon)
Missiles
 e - a throwing net (quivered)
Armour
 b - a +0 scale mail (worn)
 c - a +0 buckler (worn)
 i - a +0 pair of gloves (worn)
Jewellery
 j - a +6 ring of dexterity (left hand)
 l - a +6 ring of dexterity (right hand)
Scrolls
 f - a scroll of vulnerability {unknown}
 g - a scroll of identify {unknown}
 k - a scroll of summoning {unknown}
Potions
 d - a potion of might


   Skills:
 + Level 4.2 Fighting
 + Level 3.6 Long Blades
 + Level 4.2 Armour
 + Level 0.4 Dodging
 + Level 4.1 Shields


You had 3 spell levels left.
You didn't know any spells.
Your spell library was empty.

Dungeon Overview and Level Annotations

Branches:
Dungeon (2/15)

Altars:

Annotations:
D:2 Sigmund


Innate Abilities, Weirdness & Mutations

You have a pair of horns on your head.
You reflexively headbutt those who attack you in melee.


Message History

Found 5 gold pieces.
Sigmund casts a spell.
Sigmund flickers and vanishes!
Deactivating autopickup; reactivate with Ctrl-A.
A puff of flame appears from out of thin air!
You block the puff of flame.
You see here 5 gold pieces.
You are confused.
You bump into the rock wall.
You bump into the rock wall.
Something hits you but does no damage. Space warps around you.
You're too confused to move!
You feel agile.
l - a +6 ring of dexterity (right hand)
You hear some strange, mumbled words.
You are more confused.
Unknown command.
You bump into the rock wall.
Something completely misses you.
Unknown command.
You bump into the rock wall.
You bump into the rock wall.
You feel less confused. Something hits you. Space warps around you.
Something hits you! Space warps around you.
* * * LOW HITPOINT WARNING * * *
Okay, then.
There is an escape hatch in the floor here.
A magic dart appears from out of thin air!
The magic dart hits you!
* * * LOW HITPOINT WARNING * * *
A frilled lizard comes into view.
The frilled lizard hisses angrily.
The frilled lizard bites you but does no damage.
It was a potion of brilliance.
You feel clever all of a sudden.
The frilled lizard bites you but does no damage.
You hear some strange, mumbled words.
Something tries to affect you, but you resist.
Something hits you!
You die...

####................
..#.@|................
#. .####...#.######.##
.# #....#.# #.# ..
#...###.####.## #.
##.## ##....... #.
##.###.####.##
#.########.#.......#
#.l.@.....#.######.#
#######.!.....$....#
#...########## #####


You could see a frilled lizard.

Vanquished Creatures
  Robin (D:2)
  An adder (D:2)
  A dart slug (D:1)
  6 ball pythons
  2 bats
  4 endoplasms
  2 giant cockroaches
  8 goblins
  8 hobgoblins
  3 jackals (D:1)
  3 quokkas
  2 frilled lizards (D:2)
  7 kobolds
  2 rats (D:1)
50 creatures vanquished.

Vanquished Creatures (others)
  8 toadstools (D:2)
8 creatures vanquished.

Grand Total: 58 creatures vanquished

Notes
Turn   | Place    | Note
-------+----------+-------------------------------------------
     0 | D:1      | Peloso the Minotaur Fighter began the quest for the Orb.
     0 | D:1      | Reached XP level 1. HP: 19/19 MP: 0/0
   314 | D:1      | Reached XP level 2. HP: 25/27 MP: 1/1
   689 | D:1      | Found a faded altar of an unknown god.
   709 | D:1      | Reached XP level 3. HP: 32/33 MP: 2/2
  1228 | D:2      | Noticed Robin
  1251 | D:2      | Killed Robin
  1409 | D:2      | Reached XP level 4. HP: 36/40 MP: 3/3
  1518 | D:2      | Noticed Sigmund
  1560 | D:2      | HP: 2/40 [something/magic dart (11)]
  1564 | D:2      | Slain by Sigmund

Illustrated notes

Levels and vault maps discovered:
D:1:      saegor_arrival_miasma, layout_basic,
          ebering_ecumenical_altar_sacrificial, minmay_misc_feat_enclosed,
          minmay_misc_feat_cross
D:2:      cheibrodos_fertilizer, layout_loops_ring, kennysheep_generic_room_8,
          uniq_sigmund, uniq_robin

Skill      XL: |  1  2  3 |
---------------+----------+-----
Shields        | 4 |  4.1
Long Blades    | 3 |  3.6
Fighting       | 4 |  4.2
Armour         | 4 |  4.2
Dodging        | |  0.4

Action                   |  1- 3 |  4- 6 || total
-------------------------+-------+-------++-------
Melee: Long sword        |    89 |     5 ||    94
       Headbutt          |    11 |     1 ||    12
  Use: Potion            |       |     1 ||     1
Armor: Scale mail        |    53 |     4 ||    57
Dodge: Dodged            |    51 |     3 ||    54
Block: Buckler           |    30 |     2 ||    32
